 Dungeon Crawl Stone Soup version 0.30-a0-439-g9e77e4d916 (webtiles) character file.

Game seed: 6014045111264860548

62 AigisTheKnight the Magician (level 3, -14/22 (25) HPs)
             Began as a Demonspawn Hedge Wizard on Dec 10, 2022.
             Demolished by a wight
             ... wielding a +0 long sword
              (16 damage)
             ... on level 5 of the Dungeon.
             The game lasted 00:04:35 (1918 turns).

AigisTheKnight the Magician (DsHW)                  Turns: 1918, Time: 00:04:35

HP:   -14/22 (25)   AC:  3    Str: 10    XL:     3   Next: 85%
MP:   7/7           EV: 11    Int: 17    God:
Gold: 86            SH:  0    Dex: 12    Spells: 7/8 levels left

rFire   . . .      SeeInvis .    h - +2 dagger (speed)
rCold   . . .      Faith    .    (no shield)
rNeg    . . .      Spirit   .    f - +0 leather armour
rPois   .          Reflect  .    c - +0 hat
rElec   .          Harm     .    (no cloak)
rCorr   .          Rampage  .    (no gloves)
Will    .....                    (no boots)
Stlth   ++........               (no amulet)
HPRegen 0.23/turn                (no ring)
MPRegen 0.10/turn                (no ring)

@: heavily drained
A: powered by pain 1
a: no special abilities


You were on level 5 of the Dungeon.
You visited 1 branch of the dungeon, and saw 5 of its levels.

You collected 86 gold pieces.

Inventory:

Hand Weapons
 a - a +0 dagger
 h - a +2 dagger of speed (weapon)
 m - a +2 short sword of draining
Armour
 b - a +0 robe
 c - a +0 hat (worn)
 f - a +0 leather armour (worn)
Magical Staves
 g - a staff of death
Wands
 n - a wand of flame (10)
Scrolls
 e - 2 scrolls of teleportation {unknown}
 j - a scroll of enchant weapon {unknown}
 k - 2 scrolls of identify {unknown}
 l - a scroll of poison {unknown}
Potions
 d - a potion of magic
 i - a potion of cancellation {unknown}


   Skills:
 + Level 0.5 Fighting
 + Level 2.3 Dodging
 + Level 2.3 Stealth
 + Level 3.2 Spellcasting
 + Level 1.7 Conjurations
 - Level 1.0 Summonings
 + Level 1.5 Translocations


You had 7 spell levels left.
You knew the following spells:

 Your Spells              Type           Power      Damage    Failure   Level
a - Magic Dart            Conj           32%        1d4       12%         1

Your spell library contained the following spells:

 Spells                   Type           Power      Damage    Failure   Level
 Blink                    Tloc           16%        N/A       19%         2
 Necrotise                Necr           8%         1d4       24%         1
 Slow                     Hex            8%         N/A       24%         1
 Call Imp                 Summ           6%         N/A       24%         2
 Cigotuvi's Dreadful Rot  Necr/Pois/Air  4%         N/A       34%         2
 Mephitic Cloud           Conj/Pois/Air  4%         N/A       50%         3
 Inner Flame              Hex/Fire       2%         N/A       56%         3
 Tukima's Dance           Hex            2%         N/A       56%         3
 Vampiric Draining        Necr           2%         2d6       56%         3
 Passage of Golubria      Tloc           8%         N/A       77%         4
 Flame Wave               Conj/Fire      5%         2d5       85%         4
 Sticky Flame             Conj/Fire      5%         2d3       85%         4
 Agony                    Necr           2%         N/A       100%        5
 Yara's Violent Unravell  Hex/Tmut       1%         3d3       100%        5


Dungeon Overview and Level Annotations

Branches:
Dungeon (6/15)
 Temple: D:4-7

Altars:


Innate Abilities, Weirdness & Mutations

You sometimes gain a little power by taking damage.


Message History

The giant cockroach barely misses you. The giant cockroach bites you.
There is a stone staircase leading down here.
The giant cockroach barely misses you.
You climb downwards.
The adder hisses angrily.
Found 7 stones.
There is a stone staircase leading up here.
The giant cockroach bites you.
The wight hits you with a +0 long sword!
Ouch! That really hurt!
You feel drained.
* * * LOW HITPOINT WARNING * * *
You climb upwards.
There is a stone staircase leading down here.
Casting: Magic Dart (safe; 12% risk of failure)
Confirm with . or Enter, or press ? or * to list all spells.
Aiming: Magic Dart (safe; 12% risk of failure)
Press: ? - help, Shift-Dir - straight line, f - giant cockroach
Aim: a giant cockroach (100% to hit)
Okay, then.
You hit the giant cockroach.
The giant cockroach is severely wounded.
The giant cockroach bites you.
* * * LOW HITPOINT WARNING * * *
Unknown command.
Casting: Magic Dart (safe; 12% risk of failure)
Confirm with . or Enter, or press ? or * to list all spells.
Aiming: Magic Dart (safe; 12% risk of failure)
Press: ? - help, Shift-Dir - straight line, f - wight
Aim: a wight, wielding a +0 long sword and wearing a +0 robe (100% to hit)
Okay, then.
Aiming: Throw Flame
Press: ? - help, Q - select action, (/) - cycle Shift-Dir - straight line, f - giant cockroach
Aim: a giant cockroach (severely wounded, 68% to hit)
The puff of flame hits the giant cockroach.
You kill the giant cockroach!
The wight hits you with a +0 long sword!
Ouch! That really hurt!
You die...

.#.#.#.#.....##.########
.............##c# #..#
.#.#.#.#.....##r# #..#
.............##.# #..#
#.#.#.#.....##.# #..#
...........###.# #..#
#.Sc..c.#..#####..#
##z#.....#.##......
#@#...###.##......
#>#...# #.#####...
..#.#...#.. #...
######.#.### #...
#.#.....#.#$.#
###.....#.#..#
#.../...#.#..#
#.......#.#..#
#.......#.##..


You could see a centaur, a wight and a ball python.

Vanquished Creatures
  A gnoll (D:1)
  A worm (D:2)
  3 dart slugs (D:1)
  An orc (D:2)
  3 endoplasms
  2 giant cockroaches
  A goblin (D:2)
  7 hobgoblins
  A jackal (D:1)
  11 kobolds
  2 quokkas
  5 ball pythons
  A bat (D:1)
  2 rats
41 creatures vanquished.

Vanquished Creatures (others)
  5 toadstools (D:2)
5 creatures vanquished.

Grand Total: 46 creatures vanquished

Notes
Turn   | Place    | Note
-------+----------+-------------------------------------------
     0 | D:1      | AigisTheKnight the Demonspawn Hedge Wizard began the quest
                  | for the Orb.
     0 | D:1      | Reached XP level 1. HP: 13/13 MP: 4/4
   100 | D:1      | Reached skill level 1 in Translocations
   211 | D:1      | Gained mutation: You sometimes gain a little power by
                  | taking damage. [demonic ancestry]
   211 | D:1      | Reached XP level 2. HP: 7/19 MP: 0/6
   629 | D:1      | Reached XP level 3. HP: 21/24 MP: 7/7
  1051 | D:1      | Found a faded altar of an unknown god.
  1778 | D:2      | You fall into a shaft and drop 2 floors!
  1779 | D:4      | Noticed a phantom
  1801 | D:4      | Noticed an ogre
  1850 | D:5      | Entered Level 5 of the Dungeon
  1850 | D:5      | Noticed a centaur
  1914 | D:6      | Noticed a wight
  1914 | D:6      | Noticed a wight
  1914 | D:6      | Noticed a wight
  1917 | D:5      | HP: 1/22 [giant cockroach (2)]
  1918 | D:5      | Demolished by a wight

Illustrated notes

Levels and vault maps discovered:
D:1:      nzn_arrival_depleted_hourglass, layout_loops_ring,
          ebering_ecumenical_altar_rust, minivault_26, minmay_pentomino_v2
D:2:      cheibrodos_fertilizer, layout_basic
D:4:      layout_rooms
D:5:      layout_rooms, general_overflow_altar, serial_co_window_serial,
          co_window_paths_a, co_window_corner_a, co_window_corner_a,
          co_window_paths_a, co_window_paths_a, co_window_paths_b,
          co_window_unsneaky_path_a, co_window_broadway_c,
          co_window_of_opportunity_b, co_window_broadway_b, co_window_paths_e,
          co_window_4corner_a, glass_columns_a, glass_columns_a,
          glass_columns_c, glass_columns_a, glass_columns_c
D:6:      layout_rooms, gammafunk_temple_overflow_pools, uniq_menkaure

Skill      XL: |  1 |
---------------+----+-----
Translocations | 1 |  1.5
Dodging        | 2 |  2.3
Stealth        | 2 |  2.3
Fighting       | |  0.5
Spellcasting   | |  3.2
Conjurations   | |  1.7
Summonings     | |  1.0

Action                   || total
-------------------------++-------
Melee: Dagger            ||    84
       Punch             ||     1
       Staff             ||     1
 Cast: Magic Dart        ||    78
Evoke: Wand              ||     1
Armor: Robe              ||     1
       Leather armour    ||    34
Dodge: Dodged            ||    87

Table legend: (Time is in decaauts)
 A = Elapsed time spent in this place.
 B = Non-inter-level travel time spent in this place.
 C = Inter-level travel time spent in this place.
 D = Time resting spent in this place.
 E = Time spent auto-exploring this place.
 F = Levels seen in this place.
 G = Mean time per level.
                   A        B        C        D        E       F      G
               +--------+--------+--------+--------+--------+-----+--------+
         Total |   1896 |   1889 |      7 |     72 |   1375 |   5 |  379.2 |
       Dungeon |   1896 |   1889 |      7 |     72 |   1375 |   5 |  379.2 |
               +--------+--------+--------+--------+--------+-----+--------+

Top non-repeatable levels by time:
     D:1: 1184 daAuts
     D:2: 573 daAuts
     D:4: 71 daAuts
     D:5: 66 daAuts
     D:6: 1 daAuts
